 Dungeon Crawl Stone Soup version 0.27-a0-1301-g128193abf8 (webtiles) character file.

Game seed: 5407599700017514064

91 freelancePsychic the Charlatan (level 4, 0/5 (33) HPs)
             Began as a Demonspawn Artificer on June 17, 2021.
             Was an Initiate of Dithmenos.
             Succumbed to a scorpion's poison
             ... on level 3 of the Dungeon.
             The game lasted 00:05:19 (2856 turns).

freelancePsychic the Charlatan (DsAr)               Turns: 2856, Time: 00:05:20

HP:   0/5 (33)      AC:  8    Str: 14    XL:     4   Next: 33%
MP:   2/4           EV: 10    Int: 12    God:    Dithmenos [......]
Gold: 129           SH:  0    Dex: 13    Spells: 3/3 levels left

rFire    . . .     SeeInvis .   p - +0 dagger
rCold    . . .     Faith    .   (no shield)
rNeg     . . .     Spirit   .   j - +0 ring mail
rPois    .         Reflect  .   s - +0 helmet
rElec    .         Harm     .   i - scarf {+Inv}
rCorr    .         Rampage  .   (no gloves)
Will     .....                  g - +0 pair of boots
Stlth    +.........             (no amulet)
HPRegen  0.01/turn              (no ring)
MPRegen  0.09/turn              (no ring)

@: lethally poisoned (0 -> -14), very slightly contaminated, extremely drained,
invisible
A: hooves 1, rugged brown scales 1
a: Renounce Religion, Evoke Invisibility


You were on level 3 of the Dungeon.
You worshipped Dithmenos.
Dithmenos was noncommittal.
You visited 1 branch of the dungeon, and saw 4 of its levels.

You collected 129 gold pieces.

Inventory:

Hand Weapons
 a - a +0 club
 f - a +0 whip
 p - a +0 dagger (weapon)
Missiles
 m - 2 atropa-tipped darts
Armour
 g - a +0 pair of boots (worn)
 i - a scarf of invisibility (worn)
 j - a +0 ring mail (worn)
 s - a +0 helmet (worn)
Jewellery
 o - a +6 ring of dexterity
 q - an amulet of faith
Wands
 c - a wand of flame (8) (quivered)
 d - a wand of charming (10)
Scrolls
 b - a scroll of blinking {unknown}
 l - a scroll of torment {unknown}
 n - a scroll of fear {unknown}
 r - a scroll of amnesia {unknown}
 u - a scroll of identify {unknown}
Potions
 h - a potion of heal wounds {unknown}
 k - a potion of flight
 t - a potion of resistance {unknown}
Miscellaneous
 e - a piece from Xom's chessboard (15/15)


   Skills:
 - Level 2.2 Fighting
 + Level 1.5 Short Blades
 - Level 1.7 Armour
 - Level 0.8 Dodging
 - Level 0.8 Stealth
 + Level 4.2 Evocations


You had 3 spell levels left.
You didn't know any spells.
Your spell library was empty.

Dungeon Overview and Level Annotations

Branches:
Dungeon (4/15)
 Temple: D:4-7

Altars:
Dithmenos
Hepliaklqana
The Shining One

Shops:
D:2 (

Annotations:
D:2 Sigmund


Innate Abilities, Weirdness & Mutations

You have large cloven feet.
You are partially covered in rugged brown scales. (AC +1, +3% HP)


Message History

You now have 129 gold pieces (gained 11).
Done exploring.
Done exploring.
(D) Dungeon
Where to? (Enter - D:2 @ (x,y), ? - help)
There is an open door here.
There is a stone staircase leading down here.
You climb downwards.
A scorpion comes into view.
There is a stone staircase leading up here.
The scorpion stings you.
You climb upwards.
There is a stone staircase leading down here.
You feel drained.
You fail to use your ability.
The scorpion stings you.
You feel drained.
You fail to use your ability.
The scorpion stings you but does no damage.
You feel drained.
You fail to use your ability.
The scorpion stings you but does no damage.
You feel drained.
You fail to use your ability.
The scorpion stings you but does no damage.
The scorpion stings you.
You feel drained.
You fail to use your ability.
The scorpion stings you but does no damage.
You feel drained.
You fail to use your ability.
The scorpion barely misses you.
You feel drained.
You fail to use your ability.
The scorpion stings you but does no damage.
You feel drained.
You fail to use your ability.
The scorpion barely misses you.
You feel drained.
You fade into invisibility!
You are very lightly contaminated with residual magic.
The scorpion stings you but does no damage.
The scorpion closely misses you.
You hit the scorpion but do no damage. The scorpion barely misses you.
You hit the scorpion but do no damage. The scorpion stings you.
You are lethally poisoned!
The scorpion poisons you!
You hit the scorpion.
The scorpion is lightly wounded.
Ouch! That really hurt!
You die...

....####....# ####.#
....####....#### #.#
...............## #.##
....####....#...###..####
#.### #....######......##
#.# ###### ##........##
..####### #..........#
....(...########.s........#
#######...._....@.........#
##########..........#
#..........# ##........##
#..<.......# #..........#
#..........# #..........#
#..........#


You could see a scorpion.

Vanquished Creatures
  4 adders (D:3)
  A worm (D:2)
  An orc (D:3)
  4 ball pythons
  2 endoplasms
  2 giant cockroaches
  3 goblins
  3 hobgoblins
  8 jackals
  A quokka (D:3)
  5 bats
  4 frilled lizards
  6 kobolds
  5 rats
49 creatures vanquished.

Vanquished Creatures (others)
  A frilled lizard (D:2)
  5 plants (D:3)
6 creatures vanquished.

Grand Total: 55 creatures vanquished

Notes
Turn   | Place    | Note
-------+----------+-------------------------------------------
     0 | D:1      | freelancePsychic the Demonspawn Artificer began the quest
                  | for the Orb.
     0 | D:1      | Reached XP level 1. HP: 15/15 MP: 1/1
   503 | D:1      | Gained mutation: You have large cloven feet. [demonic
                  | ancestry]
   503 | D:1      | Reached XP level 2. HP: 21/21 MP: 2/2
  1078 | D:2      | Reached XP level 3. HP: 22/27 MP: 3/3
  1567 | D:2      | Found a shadowy altar of Dithmenos.
  1575 | D:2      | Became a worshipper of Dithmenos the Shadowed
  1610 | D:2      | Found Ilifaosk's Weapon Emporium.
  1756 | D:2      | Noticed Sigmund
  2003 | D:3      | Reached skill level 1 in Short Blades
  2018 | D:3      | Reached skill level 4 in Evocations
  2051 | D:3      | Gained mutation: You are partially covered in rugged brown
                  | scales. (AC +1, +3% HP) [demonic ancestry]
  2051 | D:3      | Reached XP level 4. HP: 10/29 MP: 4/4
  2363 | D:3      | Found a hazy altar of Hepliaklqana.
  2417 | D:3      | Found a shadowy altar of Dithmenos.
  2842 | D:4      | Noticed a scorpion
  2856 | D:3      | Succumbed to a scorpion's poison

Illustrated notes

Levels and vault maps discovered:
D:1:      psy_arrival_basics, layout_loops_ring
D:2:      layout_basic, serial_shops, nicolae_shop_waterfront, basic_altar,
          chequers_mini_garden, uniq_sigmund
D:3:      layout_rooms, nicolae_tso_swordbearing_angel,
          overflow_temple_1_default, nicolae_hepliaklqana_hazy_memory
D:4:      layout_basic, nicolae_sif_muna_condensation, xom_teletrap_fun,
          uniq_natasha, uniq_robin

Skill      XL: |  1  2  3 |
---------------+----------+-----
Fighting       | 2 |  2.2
Short Blades   | 1 |  1.5
Evocations     | 4 |  4.2
Armour         | |  1.7
Dodging        | |  0.8
Stealth        | |  0.8

Action                   |  1- 3 |  4- 6 || total
-------------------------+-------+-------++-------
Melee: Whip              |    78 |       ||    78
       Dagger            |    96 |    31 ||   127
 Abil: Evoke Invisibilit |     2 |     1 ||     3
Evoke: Wand              |    10 |     2 ||    12
  Use: Potion            |     4 |       ||     4
 Stab: Invisible         |     5 |       ||     5
Armor: Leather armour    |    11 |       ||    11
       Ring mail         |    56 |    21 ||    77
Dodge: Dodged            |   113 |    15 ||   128

Table legend: (Time is in decaauts)
 A = Elapsed time spent in this place.
 B = Non-inter-level travel time spent in this place.
 C = Inter-level travel time spent in this place.
 D = Time resting spent in this place.
 E = Time spent auto-exploring this place.
 F = Levels seen in this place.
 G = Mean time per level.
                   A        B        C        D        E       F      G
               +--------+--------+--------+--------+--------+-----+--------+
         Total |   2860 |   2784 |     76 |    521 |   1758 |   4 |  715.0 |
       Dungeon |   2860 |   2784 |     76 |    521 |   1758 |   4 |  715.0 |
               +--------+--------+--------+--------+--------+-----+--------+

Top non-repeatable levels by time:
     D:1: 1182 daAuts
     D:3: 973 daAuts
     D:2: 702 daAuts
     D:4: 1 daAuts
